 Dungeon Crawl Stone Soup version 0.32-a0-913-g739538afd8 (webtiles) character file.

Game seed: 12740931474404911951

7678 Fodor the Spear-Bearer (level 10, -5/90 HPs)
             Began as a Minotaur Fighter on Apr 9, 2024.
             Was an Initiate of Gozag.
             Slain by an orc warrior
             ... wielding a +0 scimitar
              (10 damage)
             ... on level 2 of the Orcish Mines.
             The game lasted 00:39:30 (10566 turns).

Fodor the Spear-Bearer (Minotaur Fighter)          Turns: 10566, Time: 00:39:32

Health: -5/90      AC: 19    Str: 24    XL:     10   Next: 99%
Magic:  9/9        EV:  7    Int: 11    God:    Gozag
Gold:   250        SH:  0    Dex:  9    Spells: 9/9 levels left

rFire   + . .        B - +2 scythe (flame)
rCold   . . .        (shield currently unavailable)
rNeg    . . .        K - +5 plate armour {Will+}
rPois   +            (helmet currently unavailable)
rElec   .            (cloak currently unavailable)
rCorr   .            (gloves currently unavailable)
SInv    .            (boots currently unavailable)
Will    ++...        (no amulet) Stlth
                     g - +6 ring of intelligence
HPRegen 0.35/turn    I - ring "Eriwnej" {Fly rPois rF+ Will+ Dex-2}
MPRegen 0.11/turn

%: no passive effects
@: mighty, about to teleport, beast-form, gold aura, flying
A: beast (slay +1), horns 2, retaliatory headbutt
a: Begin Untransformation, Renounce Religion, Potion Petition, Call Merchant,
Bribe Branch


You were on level 2 of the Orcish Mines.
You worshipped Gozag.
Gozag was aware of your devotion.
You were a hulking beast.
You visited 3 branches of the dungeon, and saw 13 of its levels.

You collected 1193 gold pieces.
You spent 873 gold pieces at shops.
You paid 70 gold pieces to Gozag.

Inventory:

Hand Weapons
 p - a +1 sling of flaming
 B - a +2 scythe of flaming (weapon)
 G - a +3 dire flail of protection
 J - a +4 quarterstaff of chaos
 P - a +0 orcbow
Armour
 c - a +0 buckler
 t - a +0 cloak
 K - a +5 plate armour of willpower (worn)
Jewellery
 b - a ring of positive energy
 g - a +6 ring of intelligence (left hand)
 l - a ring of see invisible
 I - the ring "Eriwnej" (right hand) {Fly rPois rF+ Will+ Dex-2}
   (You acquired it on level 9 of the Dungeon)

   [ring of protection from fire]

   Dex-2:     It affects your dexterity (-2).
   rF+:       It protects you from fire.
   rPois:     It protects you from poison.
   Will+:     It increases your willpower.
   Fly:       It grants you flight.
 O - a ring of magical power
Talismans
 k - a beast talisman (active)
 o - a blade talisman
 L - a serpent talisman
Wands
 y - a wand of flame (19)
 C - a wand of iceblast (24)
 F - a wand of polymorph (8)
 Q - a wand of charming (15)
Scrolls
 e - a scroll of fog
 i - a scroll of fear
 q - a scroll of poison
 s - a scroll of brand weapon
 u - a scroll of immolation
 x - a scroll of silence {unknown}
 z - 2 scrolls of teleportation
 A - a scroll of enchant weapon {unknown}
 H - a scroll of noise
 S - a scroll of amnesia
Potions
 a - a potion of magic {unknown}
 d - a potion of might
 f - 4 potions of haste
 h - 3 potions of mutation {unknown}
 j - a potion of brilliance {unknown}
 m - 2 potions of degeneration {unknown}
 n - 2 potions of invisibility {unknown}
 r - 2 potions of ambrosia {unknown}
 v - 4 potions of cancellation {unknown}
 M - a potion of enlightenment {unknown}
 N - a potion of attraction {unknown}


   Skills:
 + Level 8.5 Fighting
 + Level 5.5(9.1) Axes
 + Level 11.1(11.6) Polearms
 + Level 4.5 Ranged Weapons
 + Level 10.9 Armour
 + Level 3.8 Dodging
 + Level 1.7 Stealth
 + Level 4.4 Shields
 + Level 0.4 Unarmed Combat
 + Level 0.5 Evocations
 + Level 3.3 Shapeshifting


You had 9 spell levels left.
You didn't know any spells.
Your spell library contained the following spells:

 Spells                   Type           Power      Damage    Failure   Level
 Kiss of Death            Conj/Necr      0%         2d5       98%         1
 Summon Small Mammal      Summ           0%         N/A       98%         1
 Blink                    Tloc           0%         N/A       99%         2
 Lesser Beckoning         Tloc           0%         N/A       99%         2
 Momentum Strike          Conj/Tloc      0%         3d8       99%         2
 Call Canine Familiar     Summ           0%         N/A       100%        3
 Frozen Ramparts          Ice            0%         1d1       100%        3
 Ozocubu's Armour         Ice            0%         N/A       100%        3
 Sigil of Binding         Hex            0%         N/A       100%        3
 Vampiric Draining        Necr           0%         2d6       100%        3
 Dimensional Bullseye     Hex/Tloc       0%         N/A       100%        4
 Martyr's Knell           Necr/Summ      0%         N/A       100%        4
 Summon Blazeheart Golem  Fire/Summ      0%         N/A       100%        4
 Metabolic Englaciation   Hex/Ice        0%         N/A       100%        5
 Borgnjor's Revivificati  Necr           0%         N/A       100%        8
 Animate Dead             Necr           Unusable   N/A       N/A         4

Dungeon Overview and Level Annotations

Branches:
Dungeon (10/15)            Temple (1/1) D:6             Orc (2/2) D:9
   Lair: D:8-11         Elf: Orc:2

Altars:
Ashenzari
Cheibriados
Dithmenos
Elyvilon
Fedhas
Gozag
Hepliaklqana
Makhleb
Nemelex Xobeh
Okawaru
Qazlal
Ru
Sif Muna
Trog
Uskayaw
Vehumet
Wu Jian
Xom
Yredelemnul
Zin
The Shining One

Shops:
D:2 [:   D:4 [   D:7 *!?(!


Innate Abilities, Weirdness & Mutations

You are a hulking beast.
Your limbs bulge with bestial killing power. (Slay +1)
You have a pair of horns on your head.
You reflexively headbutt those who attack you in melee.


Message History

* * * LOW HITPOINT WARNING * * *
You hear a shout!
The orc warrior shouts!
You feel better.
You hear a shout!
The orc priest is no longer distracted by gold.
The orc warrior is no longer distracted by gold. x2
The orc priest is distracted by your dazzling golden aura.
The orc barely misses you. You furiously retaliate!
You headbutt the orc!
You kill the orc!
The orc warrior barely misses you.
An orc priest comes into view. It is wielding a +0 hand axe.
The orc warrior shoots an arrow.
The arrow completely misses you.
The arrow barely misses the two-headed ogre.
The orc priest hits you but does no damage.
The orc priest shouts!
The air fills with toxic fumes!
As you read the scroll of poison, it crumbles to dust.
The two-headed ogre barely misses you. x2
The orc is distracted by your dazzling golden aura.
The orc warrior completely misses you.
The orc warrior shoots an arrow.
Reactivating autopickup.
The orc priest is distracted by your dazzling golden aura.
The orc warrior is distracted by your dazzling golden aura.
The orc priest shouts!
The orc warrior shouts!
As you read the scroll of teleportation, it crumbles to dust.
You feel strangely unstable.
The orc is distracted by your dazzling golden aura.
The orc warrior shoots an arrow.
The arrow hits you but does no damage.
The two-headed ogre barely misses you. x2
The orc warrior hits you with a +0 scimitar!
* * * LOW HITPOINT WARNING * * *
The orc priest looks braver for a moment.
The orc shouts!
You feel very mighty all of a sudden.
The orc priest is no longer distracted by gold.
The orc is no longer distracted by gold.
The orc hits you but does no damage.
The orc warrior hits you with a +0 scimitar!
You die...
Your body crumbles into a pile of gold.

.................
........§§§§§§§§§
.......<§§§§§§§§§
.$......§§§§§§§§§
....#####§o§§§§§§
... #§§§§§§§§ .
#o$§§§§§§
#oo§§§§§§
#hoo§§§##
§§§§§§§Oo§§§##
§§§§§§§§§§§§#
§§§§§§§§§§§##
§§§§§§§§§§§#
§§§§§§§§#§§#
§§§§§§§§§§§#
§§§#§§§§o§§#


You could see a two-headed ogre, 3 orc warriors, 3 orc priests and 2 orcs.

Vanquished Creatures
  A two-headed ogre (D:9)
  Pikel (D:7)
  The ghost of Chish the Sneak, a novice NaWr of Hepliaklqana (D:5)
  A molten gargoyle (D:10)
  A kobold demonologist (D:9)
  Grinder (D:5)
  Sigmund (D:5)
  13 yaks
  A steam dragon (D:9)
  Eustachio (D:6)
  Menkaure (D:4)
  Edmund (D:5)
  An acid dragon (D:10)
  2 water moccasins
  3 orc warriors
  Duvessa (D:7)
  A black bear (D:6)
  An ice beast (D:7)
  3 centaurs
  A lemure (D:7)
  3 kobold brigands
  2 bullfrogs
  2 scorpions
  Dowan (D:7)
  10 killer bees
  4 howler monkeys
  Crazy Yiuf (D:7)
  3 orc priests
  A jelly (D:5)
  A hound (D:4)
  3 gnoll boudas
  Ijyb (D:4)
  A sleepcap (D:3)
  An iguana (D:5)
  7 orc wizards
  7 gnolls
  7 adders
  A white imp (D:5)
  6 ufetubi
  5 ribbon worms
  A dart slug (D:1)
  15 orcs
  6 bats
  7 endoplasms
  2 giant cockroaches
  4 goblins
  5 hobgoblins
  A quokka (D:5)
  7 ball pythons
  21 kobolds
  5 rats
178 creatures vanquished.

Vanquished Creatures (others)
  2 orc wizards
2 creatures vanquished.

Grand Total: 180 creatures vanquished

Notes
Turn   | Place    | Note
-------+----------+-------------------------------------------
     0 | D:1      | Fodor the Minotaur Fighter began the quest for the Orb.
     0 | D:1      | Reached XP level 1. HP: 19/19 MP: 0/0
   146 | D:1      | Got the Encyclopedia of the Mausoleum
   363 | D:1      | Reached XP level 2. HP: 26/27 MP: 1/1
   783 | D:2      | Reached XP level 3. HP: 23/33 MP: 2/2
   839 | D:2      | Found Woqarcha's Book Boutique.
   863 | D:2      | Reached XP level 4. HP: 17/40 MP: 3/3
   969 | D:2      | Found a faded altar of an unknown god.
  1347 | D:2      | Found Muoxkett's Armour Boutique.
  1739 | D:3      | Found an ornate altar of the Wu Jian Council.
  1980 | D:3      | Found a blossoming altar of Fedhas.
  2553 | D:4      | Found a glowing silver altar of Zin.
  2575 | D:4      | Reached skill level 1 in Dodging
  2592 | D:4      | Noticed Menkaure
  2600 | D:4      | Killed Menkaure
  2601 | D:4      | Reached skill level 5 in Armour
  2601 | D:4      | Reached XP level 5. HP: 10/46 MP: 4/4
  2866 | D:4      | Reached XP level 6. HP: 49/52 MP: 5/5
  3110 | D:4      | Found Istriwki's Antique Armour Shoppe.
  3187 | D:4      | Noticed Ijyb
  3190 | D:4      | Killed Ijyb
  3388 | D:5      | Entered Level 5 of the Dungeon
  3526 | D:5      | Noticed Sigmund
  3535 | D:5      | Killed Sigmund
  3536 | D:5      | Reached skill level 5 in Axes
  3536 | D:5      | Reached skill level 1 in Shapeshifting
  3536 | D:5      | Reached XP level 7. HP: 58/60 MP: 6/6
  3626 | D:5      | Noticed Grinder
  3642 | D:5      | Paralysed by Grinder for 4 turns
  3645 | D:5      | HP: 3/60 [Grinder (2)]
  3646 | D:5      | Killed Grinder
  3647 | D:5      | Reached skill level 1 in Polearms
  3853 | D:5      | Found a large runed translucent door.
  3871 | D:5      | Reached skill level 5 in Fighting
  3909 | D:5      | Reached skill level 2 in Polearms
  4081 | D:5      | Found a large runed translucent door.
  4084 | D:5      | Noticed Chish's ghost (novice NaWr)
  4155 | D:5      | Reached XP level 8. HP: 68/68 MP: 7/7
  4252 | D:5      | Found a snail-covered altar of Cheibriados.
  4253 | D:5      | Found a bloodstained altar of Trog.
  4261 | D:5      | Noticed Edmund
  4275 | D:5      | Killed Edmund
  4276 | D:5      | Reached skill level 3 in Polearms
  4465 | D:5      | Killed Chish's ghost
  4466 | D:5      | Reached skill level 5 in Polearms
  5016 | D:6      | Found a staircase to the Ecumenical Temple.
  5022 | Temple   | Entered the Ecumenical Temple
  5045 | Temple   | Became a worshipper of Gozag Ym Sagoz the Greedy
  5070 | D:6      | Reached skill level 6 in Polearms
  5215 | D:6      | Noticed Eustachio
  5298 | D:6      | Killed Eustachio
  5640 | D:6      | Reached XP level 9. HP: 33/78 MP: 8/8
  5816 | D:7      | Noticed Duvessa
  5816 | D:7      | Noticed Dowan
  5825 | D:7      | Identified the +1 chain mail "Kaerey" {rPois}
  5907 | D:7      | Found Xiysh's Assorted Antiques.
  5918 | D:7      | Bought a black potion for 22 gold pieces
  5918 | D:7      | Bought a shiny opal ring for 125 gold pieces
  5918 | D:7      | Bought a murky blue potion for 22 gold pieces
  5918 | D:7      | Bought a golden potion for 22 gold pieces
  5937 | D:7      | Killed Duvessa
  5948 | D:7      | Killed Dowan
  6043 | D:7      | Found Ogissechue's Distillery.
  6058 | D:7      | Found Zynon's Magic Scroll Boutique.
  6061 | D:7      | Found Taj Ozeq's Antique Weapon Emporium.
  6065 | D:7      | Bought a scroll of identify for 26 gold pieces
  6065 | D:7      | Bought a scroll of identify for 26 gold pieces
  6086 | D:7      | Reached skill level 7 in Polearms
  6144 | D:7      | Noticed Pikel
  6146 | D:7      | Found Ziwatafi's Distillery.
  6155 | D:7      | Killed Pikel
  6694 | D:7      | Reached skill level 8 in Polearms
  6909 | D:7      | Found a runed translucent door.
  6910 | D:7      | Noticed Crazy Yiuf
  7170 | D:7      | Killed Crazy Yiuf
  7278 | D:8      | Reached XP level 10. HP: 29/86 MP: 9/9
  7281 | D:8      | Reached skill level 9 in Polearms
  7624 | D:8      | Identified a scroll of acquirement
  7718 | D:8      | Found a stormy altar of Qazlal.
  7927 | D:8      | Reached skill level 1 in Stealth
  8432 | D:9      | Noticed an orange demon
  8590 | D:9      | Noticed a two-headed ogre
  8601 | D:9      | Killed a two-headed ogre
  8602 | D:9      | Reached skill level 10 in Armour
  8617 | D:9      | Reached skill level 10 in Polearms
  9574 | D:9      | Found a staircase to the Orcish Mines.
  9589 | D:9      | Acquired the ring "Eriwnej" {Fly rPois rF+ Will+ Dex-2}
  9791 | D:2      | Bought a +3 plate armour of willpower for 630 gold pieces
  9927 | D:10     | Entered Level 10 of the Dungeon
 10055 | D:10     | Found a glowing golden altar of the Shining One.
 10096 | D:10     | Noticed a molten gargoyle
 10110 | D:10     | Killed a molten gargoyle
 10111 | D:10     | Reached skill level 11 in Polearms
 10233 | D:10     | Noticed a molten gargoyle
 10380 | Orc:1    | Entered Level 1 of the Orcish Mines
 10546 | Orc:2    | Entered Level 2 of the Orcish Mines
 10552 | Orc:2    | Noticed a two-headed ogre
 10566 | Orc:2    | Slain by an orc warrior

Illustrated notes

Levels and vault maps discovered:
D:1:      nzn_arrival_settlement, layout_loops_ring, minmay_pentomino_v4
D:2:      layout_basic, hellmonk_ecumenical_altar_heavens_door, serial_shops,
          nicolae_shop_hallway_plus, shop
D:3:      cheibrodos_old_hovel, layout_loops_cross, fedhas_altar_fruit_tree,
          nicolae_wu_jian_wuxing_cycle, serial_bayou_pond_c
D:4:      layout_loops_ring, kennysheep_mini_moat, nicolae_stop_n_shop_2,
          uniq_menkaure, uniq_ijyb
D:5:      layout_gridville, grunt_temple_overflow_open,
          ebering_ghost_disaster_area, serial_library_hellmonk_room_a,
          minmay_a_box_with_orc_wizards_in_it, uniq_grinder, uniq_edmund,
          uniq_sigmund
D:6:      layout_basic, minmay_temple_entry_hall, uniq_eustachio
D:7:      layout_basic, serial_shops, nicolae_shop_rolling_square, shop, shop,
          nicolae_shop_pleasant_corner_grove, nicolae_shop_industrial_runoff,
          nicolae_fountain_basement, uniq_crazy_yiuf_cottage, uniq_duvessa,
          uniq_pikel
D:8:      layout_basic, lemuel_doored_altar, st_stairs_7
D:9:      layout_roguey, orc_0_dummy, grunt_decor_clamped
D:10:     layout_gridville, tso_metal_star, lemuel_zombie_altar_kikubaaqudgha,
          serial_shops, shop, minivault_8
Temple:   nicolae_temple_two_arcs
Orc:1:    layout_caves, basic_altar, uniq_fannar
Orc:2:    grunt_orc_community_town_hall, layout_caves,
          grunt_orc_community_big_house_2, grunt_orc_community_big_house_1,
          grunt_orc_community_house_2, grunt_orc_community_house_2,
          grunt_orc_community_house_1, grunt_orc_community_house_2,
          grunt_orc_community_house_2, grunt_orc_community_house_1, basic_altar

Skill      XL: |  1  2  3  4  5  6  7  8  9 10 |
---------------+-------------------------------+-----
Armour         | 4 5 6 7 9 10 | 10.9
Axes           | 3 4 5 |  5.5
Shields        | 4 |  4.4
Fighting       | 4 5 6 7 8 |  8.5
Dodging        | 1 2 3 |  3.8
Ranged Weapons | 2 3 4 |  4.5
Shapeshifting  | 1 2 3 |  3.3
Polearms       | 2 6 8 11 | 11.1
Stealth        | 1 |  1.7
Unarmed Combat | |  0.4
Evocations     | |  0.5

Action                     |  1- 3 |  4- 6 |  7- 9 | 10-12 || total
---------------------------+-------+-------+-------+-------++-------
  Melee: War axe           |    62 |    41 |       |       ||   103
         Headbutt          |    10 |     5 |    32 |    29 ||    76
         Halberd           |       |       |   177 |   167 ||   344
         Unarmed           |       |       |     6 |       ||     6
   Fire: Sling             |       |    79 |       |       ||    79
  Evoke: Wand              |       |     3 |     1 |       ||     4
    Use: Scroll            |       |       |     9 |     9 ||    18
         Potion            |       |       |     3 |     5 ||     8
   Stab: Distracted        |       |       |       |     2 ||     2
 Armour: Scale mail        |    46 |    33 |       |       ||    79
         Chain mail        |       |    51 |   260 |   174 ||   485
         Skin              |       |       |     3 |       ||     3
         Plate armour      |       |       |       |    64 ||    64
  Dodge: Dodged            |    21 |    36 |   108 |   142 ||   307
  Block: Buckler           |    17 |    17 |       |       ||    34
   Form: Beast             |     1 |       |       |       ||     1

Table legend: (Time is in decaauts)
 A = Elapsed time spent in this place.
 B = Non-inter-level travel time spent in this place.
 C = Inter-level travel time spent in this place.
 D = Time resting spent in this place.
 E = Time spent auto-exploring this place.
 F = Levels seen in this place.
 G = Mean time per level.
                   A        B        C        D        E       F      G
               +--------+--------+--------+--------+--------+-----+--------+
         Total |  10683 |   9995 |    688 |   1757 |   5747 |  13 |  821.8 |
       Dungeon |  10464 |   9776 |    688 |   1757 |   5675 |  10 | 1046.4 |
        Temple |     34 |     34 |      0 |      0 |      0 |   1 |   34.0 |
  Orcish Mines |    183 |    183 |      0 |      0 |     72 |   2 |   91.5 |
               +--------+--------+--------+--------+--------+-----+--------+

Top non-repeatable levels by time:
     D:9: 1500 daAuts
     D:7: 1402 daAuts
     D:5: 1333 daAuts
     D:6: 1168 daAuts
     D:8: 1152 daAuts
     D:2: 999 daAuts
     D:3: 965 daAuts
     D:4: 891 daAuts
     D:1: 741 daAuts
    D:10: 311 daAuts
   Orc:1: 164 daAuts
  Temple: 34 daAuts
   Orc:2: 19 daAuts
